Tigers vs Ice Hogs

Created - Friday, January 30, 2015 at 23:06

Goals
1 2 3 T
Tigers 1 0 1 2
Ice Hogs 1 2 0 3
Shots
1 2 3 T
Tigers 5 9 8 22
Ice Hogs 7 13 10 30

1st period

1. Ice Hogs , Brandon Pirri 35 (J.T. Miller, Derek Roy) at 11:40 (PP)
2. Tigers , Harry Zolnierczyk 37 (Alexander Khokhlachev, Connor Carrick) at 15:51 (PP)

Penalties :
Harry Zolnierczyk (BRI) for Hooking (Minor) at 0:30, Will Weber (BRI) for Hooking (Minor) at 10:11, Derek Roy (RIH) for Goalie Interference (Minor) at 15:09

2nd period

3. Ice Hogs , Travis Morin 27 (Michael Bournival) at 3:23
4. Ice Hogs , Brandon Pirri 36 (J.T. Miller, Zach Redmond) at 9:20

Penalties :
Will Weber (BRI) for Hooking (Minor) at 9:23, Brandon Gormley (RIH) for Tripping (Minor) at 13:36

3rd period

5. Tigers , Harry Zolnierczyk 38 (Anthony Peluso) at 8:30

Penalties :
Blake Kessel (RIH) for Fighting (Major) at 0:09, Robert Bortuzzo (BRI) for Fighting (Major) at 0:09, Anthony Peluso (BRI) for Interference (Minor) at 5:10, Dan DaSilva (RIH) for Interference (Minor) at 18:50

Goalie Stats

Allen York (BRI), 27 saves from 30 shots - (0.900), L, 0-2-0, 59:01 minutes
Rob Madore (RIH), 20 saves from 22 shots - (0.909), W, 2-1-1, 60:00 minutes

Players Stats for Tigers

Player Name              G  A  P  +/- PIM S  H  SB GA TA FO     MP     PP MP  PK MP  
------------------------------------------------------------------------------------
A.J. Gale                0  0  0   0  0   0  2  1  0  0  6/9    13:22   0:00   0:27 
Adam Comrie              0  0  0   0  0   0  0  0  0  0  0/0     2:42   0:00   0:11 
Alexander Khokhlachev    0  1  1  -1  0   2  4  0  3  0  10/21  20:16   2:41   5:31 
Anthony Peluso           0  1  1   1  2   0  2  0  0  0  0/1     9:19   0:00   0:46 
Ben Blood                0  0  0  -2  0   1  3  0  0  0  0/0    15:33   0:35   0:00 
Brandon Bollig           0  0  0  -1  0   0  5  0  2  0  1/1    18:08   1:09   1:28 
Brandon DeFazio          0  0  0   0  0   3  0  0  4  3  0/0    14:51   0:00   0:27 
Connor Carrick           0  1  1   0  0   1  1  0  0  2  0/0    26:14   2:40   5:17 
Geoff Walker             0  0  0   0  0   0  0  0  0  0  1/1    12:35   0:00   0:00 
Harry Zolnierczyk        2  0  2   0  2   9  2  0  4  0  0/1    21:44   2:17   0:42 
Jed Ortmeyer             0  0  0  -1  0   2  0  0  3  0  0/0    20:16   2:41   5:31 
Kane Lafranchise         0  0  0   0  0   0  0  0  0  0  0/0     0:00   0:00   0:00 
Nolan Yonkman            0  0  0   1  0   0  2  2  0  2  0/0    25:21   1:10   2:41 
Patrick Kennedy          0  0  0   1  0   0  1  0  0  1  2/3     8:14   0:00   0:00 
Robert Bortuzzo          0  0  0  -2  5   4  2  4  3  3  0/0    26:35   2:05   5:52 
Toby Petersen            0  0  0  -1  0   0  0  0  0  1  3/5    16:40   1:09   0:00 
Ty Rattie                0  0  0  -1  0   0  0  1  1  0  1/1    17:04   1:33   0:00 
Will Weber               0  0  0   1  4   0  3  0  0  2  0/0    23:35   1:10   0:51 

Players Stats for Ice Hogs

Player Name              G  A  P  +/- PIM S  H  SB GA TA FO     MP     PP MP  PK MP  
------------------------------------------------------------------------------------
Blake Kessel             0  0  0   1  5   1  1  1  0  0  0/0    18:46   3:42   2:04 
Brandon Gormley          0  0  0   1  2   3  0  1  0  1  0/0    21:07   3:42   0:00 
Brandon Pirri            2  0  2   1  0   3  1  0  2  0  6/13   18:09   3:40   0:00 
Casey Wellman            0  0  0  -1  0   2  1  0  0  1  0/2    16:24   3:44   0:00 
Chay Genoway             0  0  0   1  0   0  1  2  0  0  0/0    17:30   0:00   2:04 
Dan DaSilva              0  0  0   1  2   1  1  0  0  0  0/1    10:01   0:00   0:00 
Derek Roy                0  1  1  -1  2   0  1  2  2  0  2/6    15:38   3:46   0:00 
Dustin Jeffrey           0  0  0  -1  0   1  1  0  1  1  0/0    11:42   0:00   0:00 
J.T. Miller              0  2  2   1  0   4  4  0  7  0  0/0    18:09   3:40   0:00 
Jason Garrison           0  0  0  -1  0   2  0  3  1  1  0/0    23:48   3:44   1:46 
Mathieu Brodeur          0  0  0  -1  0   0  0  0  0  1  0/0    18:46   0:00   1:46 
Michael Bournival        0  1  1   1  0   0  2  0  4  0  0/0    11:32   0:00   1:29 
Riley Sheahan            0  0  0   0  0   4  1  0  6  0  5/11   16:16   3:46   0:00 
Roman Horak              0  0  0   0  0   3  1  0  4  1  3/4    13:49   0:00   1:29 
Seth Griffith            0  0  0   0  0   1  4  0  0  1  0/0    14:40   0:00   2:21 
Tanner Pearson           0  0  0   1  0   1  0  0  0  0  0/0    18:09   3:40   0:00 
Travis Morin             1  0  1   1  0   3  0  0  0  2  3/6    16:20   3:46   2:21 
Zach Redmond             0  1  1   1  0   1  1  1  0  1  0/0    15:20   0:00   0:00 

3 Stars

1 - Brandon Pirri (RIH)
2 - Harry Zolnierczyk (BRI)
3 - J.T. Miller (RIH)

Power Play

Tigers - 1 on 3 Attempt(s) - 33.33%
Ice Hogs - 1 on 4 Attempt(s) - 25.00%

Penalty Kill

Tigers - 3 on 4 Attempt(s) - 75.00% - Score 0 goal in Penalty Kill
Ice Hogs - 2 on 3 Attempt(s) - 66.67% - Score 0 goal in Penalty Kill

Team Stat

Tigers - Hits : 27 - Faceoff Wins : 24 - Blocked Shots : 8 - Penalty Minutes : 13
Ice Hogs - Hits : 20 - Faceoff Wins : 19 - Blocked Shots : 10 - Penalty Minutes : 11

Official

Referees : Unknown
Linesman : Unknown

Game Notes

9:55 of 2nd period - Ice Hogs goal is going for a video replay. After video review, No Goal. The goal has been scored and an ineligible player is on the ice.
Blake Kessel and Robert Bortuzzo fight to a draw at 0:09 of 3rd period

Finance

Level 1 -- Attendance: 1433 (71.65%) -- Ticket Income $50,155
Level 2 -- Attendance: 817 (81.70%) -- Ticket Income $12,255
Total Attendance: 2250 (75.00%)
Total Ticket Income: $62,410
Other Income: $30,581
Total Income: $92,991

Tigers

5 vs 5 Forward 
   Center                   Left Wing                Right Wing               Time % Phy DF OF 
 1 Alexander Khokhlachev    Jed Ortmeyer             Harry Zolnierczyk        35     1   2  2  
 2 Toby Petersen            Brandon Bollig           Ty Rattie                30     1   2  2  
 3 Patrick Kennedy          Harry Zolnierczyk        Anthony Peluso           22     1   2  2  
 4 A.J. Gale                Brandon DeFazio          Geoff Walker             13     1   2  2  

5 vs 5 Defense 
   Defense                  Defense                                           Time % Phy DF OF 
 1 Robert Bortuzzo          Connor Carrick                                    35     1   2  2  
 2 Nolan Yonkman            Will Weber                                        30     1   2  2  
 3 Ben Blood                Robert Bortuzzo                                   22     1   2  2  
 4 Robert Bortuzzo          Connor Carrick                                    13     1   2  2  

PowerPlay Forward 
   Center                   Left Wing                Right Wing               Time % Phy DF OF 
 1 Alexander Khokhlachev    Jed Ortmeyer             Harry Zolnierczyk        60     1   2  2  
 2 Toby Petersen            Brandon Bollig           Ty Rattie                40     1   2  2  

PowerPlay Defense
   Defense                  Defense                                           Time % Phy DF OF 
 1 Robert Bortuzzo          Connor Carrick                                    60     1   2  2  
 2 Nolan Yonkman            Will Weber                                        40     1   2  2  

Penalty Kill 4 Players Forward 
   Center                   Wing                     Time % Phy DF OF 
 1 Alexander Khokhlachev    Jed Ortmeyer             60     1   2  2  
 2 Brandon Bollig           Harry Zolnierczyk        40     1   2  2  

Penalty Kill 4 Players Defense
   Defense                  Defense                  Time % Phy DF OF 
 1 Robert Bortuzzo          Connor Carrick           60     1   2  2  
 2 Nolan Yonkman            Will Weber               40     1   2  2  

Penalty Kill - 3 Players Forward 
   Forward                                           Time % Phy DF OF 
 1 Alexander Khokhlachev                             60     1   2  2  
 2 Jed Ortmeyer                                      40     1   2  2  

Penalty Kill - 3 Players Defense
   Defense                  Defense                  Time % Phy DF OF 
 1 Robert Bortuzzo          Connor Carrick           60     1   2  2  
 2 Nolan Yonkman            Will Weber               40     1   2  2  

4 vs 4 Forward 
   Center                   Wing                     Time % Phy DF OF 
 1 Alexander Khokhlachev    Jed Ortmeyer             60     1   2  2  
 2 Brandon Bollig           Harry Zolnierczyk        40     1   2  2  

4 vs 4 Defense
   Defense                  Defense                  Time % Phy DF OF 
 1 Robert Bortuzzo          Connor Carrick           60     1   2  2  
 2 Nolan Yonkman            Will Weber               40     1   2  2  

Last Minutes Offensive
   Center                   Left Wing                Right Wing               Defense                  Defense                  
   Alexander Khokhlachev    Jed Ortmeyer             Brandon Bollig           Robert Bortuzzo          Connor Carrick           

Last Minutes Defensive
   Center                   Left Wing                Right Wing               Defense                  Defense                  
   Alexander Khokhlachev    Jed Ortmeyer             Brandon Bollig           Robert Bortuzzo          Connor Carrick           

Goaltenders
Starting : Allen York               
Backup : Cam Ward                 

Extra Forwards
Normal : Harry Zolnierczyk, Brandon DeFazio, Anthony Peluso - PP : Harry Zolnierczyk, Brandon DeFazio - PK : Anthony Peluso
Extra Defensemen
Normal : Ben Blood, Robert Bortuzzo, Nolan Yonkman - PP : Ben Blood - PK : Robert Bortuzzo, Nolan Yonkman
Penalty Shots
Alexander Khokhlachev, Jed Ortmeyer, Brandon Bollig, Brandon DeFazio, Harry Zolnierczyk

Ice Hogs

5 vs 5 Forward 
   Center                   Left Wing                Right Wing               Time % Phy DF OF 
 1 Brandon Pirri            Tanner Pearson           J.T. Miller              30     0   2  3  
 2 Derek Roy                Dustin Jeffrey           Casey Wellman            25     0   2  3  
 3 Riley Sheahan            Roman Horak              Seth Griffith            25     1   2  2  
 4 Travis Morin             Michael Bournival        Dan DaSilva              20     1   2  2  

5 vs 5 Defense 
   Defense                  Defense                                           Time % Phy DF OF 
 1 Jason Garrison           Mathieu Brodeur                                   30     1   2  2  
 2 Blake Kessel             Chay Genoway                                      30     1   2  2  
 3 Zach Redmond             Brandon Gormley                                   30     1   2  2  
 4 Jason Garrison           Mathieu Brodeur                                   10     1   2  2  

PowerPlay Forward 
   Center                   Left Wing                Right Wing               Time % Phy DF OF 
 1 Brandon Pirri            Tanner Pearson           J.T. Miller              50     0   1  4  
 2 Travis Morin             Derek Roy                Riley Sheahan            50     0   1  4  

PowerPlay Defense
   Defense                  Defense                                           Time % Phy DF OF 
 1 Jason Garrison           Casey Wellman                                     50     0   1  4  
 2 Blake Kessel             Brandon Gormley                                   50     0   1  4  

Penalty Kill 4 Players Forward 
   Center                   Wing                     Time % Phy DF OF 
 1 Roman Horak              Michael Bournival        50     1   3  1  
 2 Travis Morin             Seth Griffith            50     1   3  1  

Penalty Kill 4 Players Defense
   Defense                  Defense                  Time % Phy DF OF 
 1 Jason Garrison           Mathieu Brodeur          50     1   4  0  
 2 Blake Kessel             Chay Genoway             50     1   4  0  

Penalty Kill - 3 Players Forward 
   Forward                                           Time % Phy DF OF 
 1 Roman Horak                                       50     1   4  0  
 2 Travis Morin                                      50     1   4  0  

Penalty Kill - 3 Players Defense
   Defense                  Defense                  Time % Phy DF OF 
 1 Jason Garrison           Mathieu Brodeur          50     1   4  0  
 2 Blake Kessel             Chay Genoway             50     1   4  0  

4 vs 4 Forward 
   Center                   Wing                     Time % Phy DF OF 
 1 Brandon Pirri            J.T. Miller              50     1   2  2  
 2 Riley Sheahan            Derek Roy                50     1   2  2  

4 vs 4 Defense
   Defense                  Defense                  Time % Phy DF OF 
 1 Blake Kessel             Chay Genoway             50     1   2  2  
 2 Zach Redmond             Brandon Gormley          50     1   2  2  

Last Minutes Offensive
   Center                   Left Wing                Right Wing               Defense                  Defense                  
   Riley Sheahan            Derek Roy                Brandon Pirri            Jason Garrison           Brandon Gormley          

Last Minutes Defensive
   Center                   Left Wing                Right Wing               Defense                  Defense                  
   Roman Horak              Michael Bournival        Seth Griffith            Jason Garrison           Blake Kessel             

Goaltenders
Starting : Rob Madore               
Backup : Scott Darling            

Extra Forwards
Normal : Travis Morin, Brandon Pirri, Seth Griffith - PP : Travis Morin, Seth Griffith - PK : Casey Wellman
Extra Defensemen
Normal : Blake Kessel, Brandon Gormley, Jason Garrison - PP : Zach Redmond - PK : Jason Garrison, Blake Kessel
Penalty Shots
Casey Wellman, Derek Roy, Travis Morin, Roman Horak, Brandon Pirri

% Time on Ice - Tigers

Lines # - Real PCT - Wanted PCT - Time Play
Normal Forward
1 - 25% - 35% - 12:24
2 - 32% - 30% - 15:31
3 - 17% - 22% - 8:14
4 - 26% - 13% - 12:35
Normal Defense
1 - 32% - 35% - 15:26
2 - 40% - 30% - 19:18
3 - 25% - 22% - 12:20
4 - 3% - 13% - 1:40
PP Forward
1 - 70% - 60% - 2:41
2 - 30% - 40% - 1:09
PP Defense
1 - 70% - 60% - 2:40
2 - 30% - 40% - 1:10
PK Forward
1 - 80% - 60% - 5:58
2 - 20% - 40% - 1:28
PK Defense
1 - 64% - 60% - 4:45
2 - 36% - 40% - 2:41
PK3 Forward
1 - 0% - 60%
2 - 0% - 40%
PK3 Defense
1 - 0% - 60%
2 - 0% - 40%
44 Forward
1 - 0% - 60%
2 - 0% - 40%
44 Defense
1 - 0% - 60%
2 - 0% - 40%
Last Minute Offensive  - 0:00
Last Minute Defensive  - 0:00
Total
Forward - 60:00
Defense - 60:00

% Time on Ice - Ice Hogs

Lines # - Real PCT - Wanted PCT - Time Play
Normal Forward
1 - 30% - 30% - 14:30
2 - 24% - 25% - 11:53
3 - 25% - 25% - 12:19
4 - 21% - 20% - 10:02
Normal Defense
1 - 32% - 30% - 15:48
2 - 32% - 30% - 15:26
3 - 31% - 30% - 15:20
4 - 4% - 10% - 2:10
PP Forward
1 - 49% - 50% - 3:40
2 - 51% - 50% - 3:46
PP Defense
1 - 50% - 50% - 3:44
2 - 50% - 50% - 3:42
PK Forward
1 - 39% - 50% - 1:29
2 - 61% - 50% - 2:21
PK Defense
1 - 46% - 50% - 1:46
2 - 54% - 50% - 2:04
PK3 Forward
1 - 0% - 50%
2 - 0% - 50%
PK3 Defense
1 - 0% - 50%
2 - 0% - 50%
44 Forward
1 - 0% - 50%
2 - 0% - 50%
44 Defense
1 - 0% - 50%
2 - 0% - 50%
Last Minute Offensive  - 0:00
Last Minute Defensive  - 0:00
Total
Forward - 60:00
Defense - 60:00

Play by Play

1st period


0:01 of 1st period - Brandon Pirri wins face-off versus Harry Zolnierczyk in neutral zone.
0:30 of 1st period - Minor Penalty to Harry Zolnierczyk for Hooking.
0:31 of 1st period - Travis Morin wins face-off versus Alexander Khokhlachev in Tigers zone.
0:33 of 1st period - Snap shot by Riley Sheahan.
0:33 of 1st period - Shot Blocked by Robert Bortuzzo.
1:49 of 1st period - Jed Ortmeyer is hit by J.T. Miller and loses puck.
2:30 of 1st period - Penalty to Harry Zolnierczyk is over, Harry Zolnierczyk is back on ice.
2:57 of 1st period - Wrist shot by Brandon DeFazio.
2:57 of 1st period - Stopped by Rob Madore without a rebound.
2:58 of 1st period - Riley Sheahan wins face-off versus A.J. Gale in Ice Hogs zone.
3:22 of 1st period - Slapshot by Robert Bortuzzo.
3:22 of 1st period - Stopped by Rob Madore with a rebound.
3:44 of 1st period - Dan DaSilva is hit by Will Weber and loses puck.
4:11 of 1st period - Derek Roy is hit by Brandon Bollig and loses puck.
5:12 of 1st period - Snap shot by Harry Zolnierczyk.
5:12 of 1st period - Stopped by Rob Madore without a rebound.
5:13 of 1st period - A.J. Gale wins face-off versus Travis Morin in Ice Hogs zone.
5:36 of 1st period - Snap shot by Brandon DeFazio.
5:36 of 1st period - Stopped by Rob Madore with a rebound.
6:35 of 1st period - Derek Roy is hit by Ben Blood and loses puck.
7:04 of 1st period - Brandon Bollig is hit by J.T. Miller and loses puck.
7:50 of 1st period - Brandon DeFazio is hit by Seth Griffith and loses puck.
7:57 of 1st period - Wrist shot by Riley Sheahan.
7:57 of 1st period - Shot Blocked by Robert Bortuzzo.
7:59 of 1st period - Snap shot by Roman Horak.
7:59 of 1st period - Stopped by Allen York with a rebound.
8:03 of 1st period - Wrist shot by Seth Griffith.
8:03 of 1st period - Stopped by Allen York with a rebound.
8:05 of 1st period - Backhand shot by Riley Sheahan.
8:05 of 1st period - Stopped by Allen York with a rebound.
8:07 of 1st period - Snap shot by Seth Griffith.
8:07 of 1st period - Shot Blocked by A.J. Gale.
8:36 of 1st period - Snap shot by Harry Zolnierczyk.
8:36 of 1st period - Deflect By Alexander Khokhlachev.
8:36 of 1st period - Shot Misses the Net.
8:36 of 1st period - Puck is out of play.
8:37 of 1st period - Alexander Khokhlachev wins face-off versus Casey Wellman in Ice Hogs zone.
9:09 of 1st period - Anthony Peluso is hit by Zach Redmond and loses puck.
9:18 of 1st period - Slapshot by Tanner Pearson.
9:18 of 1st period - Shot Misses the Net.
9:20 of 1st period - Wrist shot by Jason Garrison.
9:20 of 1st period - Stopped by Allen York with a rebound.
10:11 of 1st period - Minor Penalty to Will Weber for Hooking.
10:12 of 1st period - Alexander Khokhlachev wins face-off versus Brandon Pirri in Tigers zone.
10:17 of 1st period - Icing by Brandon Pirri.
10:18 of 1st period - Brandon Pirri wins face-off versus Alexander Khokhlachev in Ice Hogs zone.
11:05 of 1st period - Robert Bortuzzo is hit by Derek Roy and loses puck.
11:40 of 1st period - Wrist shot by Brandon Pirri.
11:40 of 1st period - Goal by Brandon Pirri - Tigers : 0 - Ice Hogs : 1.
11:41 of 1st period - Toby Petersen wins face-off versus Riley Sheahan in neutral zone.
12:33 of 1st period - Ty Rattie is hit by Dustin Jeffrey and loses puck.
13:32 of 1st period - Snap shot by Brandon Pirri.
13:32 of 1st period - Shot Misses the Net.
13:34 of 1st period - Snap shot by Brandon Pirri.
13:34 of 1st period - Shot Blocked by Nolan Yonkman.
13:36 of 1st period - Slapshot by Brandon Gormley.
13:36 of 1st period - Shot Misses the Net.
14:18 of 1st period - Slapshot by Travis Morin.
14:18 of 1st period - Shot Misses the Net.
14:20 of 1st period - Slapshot by Blake Kessel.
14:20 of 1st period - Stopped by Allen York without a rebound.
14:21 of 1st period - Riley Sheahan wins face-off versus Alexander Khokhlachev in Tigers zone.
14:48 of 1st period - Riley Sheahan is hit by Harry Zolnierczyk and loses puck.
15:09 of 1st period - Minor Penalty to Derek Roy for Goalie Interference.
15:10 of 1st period - Roman Horak wins face-off versus Alexander Khokhlachev in Ice Hogs zone.
15:10 of 1st period - Roman Horak is hit by Ben Blood.
15:32 of 1st period - Mathieu Brodeur is hit by Alexander Khokhlachev and loses puck.
15:51 of 1st period - Wrist shot by Harry Zolnierczyk.
15:51 of 1st period - Goal by Harry Zolnierczyk - Tigers : 1 - Ice Hogs : 1.
15:52 of 1st period - A.J. Gale wins face-off versus Brandon Pirri in neutral zone.
16:08 of 1st period - Slapshot by Brandon DeFazio.
16:08 of 1st period - Shot Blocked by Zach Redmond.
16:18 of 1st period - Snap shot by Brandon Pirri.
16:18 of 1st period - Shot Misses the Net.
17:01 of 1st period - Blake Kessel is hit by Harry Zolnierczyk and loses puck.
17:48 of 1st period - Wrist shot by Travis Morin.
17:48 of 1st period - Shot Hit the Post.
17:52 of 1st period - Wrist shot by Travis Morin.
17:52 of 1st period - Stopped by Allen York with a rebound.
17:59 of 1st period - Icing by Nolan Yonkman.
18:00 of 1st period - Alexander Khokhlachev wins face-off versus Riley Sheahan in Tigers zone.
18:00 of 1st period - Alexander Khokhlachev is hit by Roman Horak.
18:14 of 1st period - Wrist shot by Riley Sheahan.
18:14 of 1st period - Shot Misses the Net.
18:16 of 1st period - Slapshot by Mathieu Brodeur.
18:16 of 1st period - Shot Blocked by Robert Bortuzzo.
19:23 of 1st period - Zach Redmond is hit by Connor Carrick and loses puck.
19:48 of 1st period - Wrist shot by Anthony Peluso.
19:48 of 1st period - Shot Misses the Net.
19:50 of 1st period - Slapshot by Robert Bortuzzo.
19:50 of 1st period - Shot Blocked by Brandon Gormley.
Goals for this period are 1 for Tigers vs 1 for Ice Hogs.
Shots for this period are 5 for Tigers vs 7 for Ice Hogs.

2nd period


0:01 of 2nd period - Derek Roy wins face-off versus Alexander Khokhlachev in neutral zone.
0:10 of 2nd period - Snap shot by Robert Bortuzzo.
0:10 of 2nd period - Deflect By Casey Wellman.
0:10 of 2nd period - Stopped by Rob Madore with a rebound.
1:17 of 2nd period - Wrist shot by Brandon Pirri.
1:17 of 2nd period - Shot Misses the Net.
1:22 of 2nd period - Icing by Robert Bortuzzo.
1:23 of 2nd period - Ty Rattie wins face-off versus Riley Sheahan in Tigers zone.
1:28 of 2nd period - Riley Sheahan is hit by Brandon Bollig.
1:35 of 2nd period - Icing by Riley Sheahan.
1:36 of 2nd period - Riley Sheahan wins face-off versus A.J. Gale in Ice Hogs zone.
2:45 of 2nd period - Snap shot by Zach Redmond.
2:45 of 2nd period - Shot Hit the Post.
3:23 of 2nd period - Slapshot by Travis Morin.
3:23 of 2nd period - Goal by Travis Morin - Tigers : 1 - Ice Hogs : 2.
3:24 of 2nd period - Patrick Kennedy wins face-off versus Derek Roy in neutral zone.
3:31 of 2nd period - Backhand shot by Casey Wellman.
3:31 of 2nd period - Stopped by Allen York without a rebound.
3:32 of 2nd period - Patrick Kennedy wins face-off versus Derek Roy in Tigers zone.
4:01 of 2nd period - Snap shot by Harry Zolnierczyk.
4:01 of 2nd period - Shot Misses the Net.
4:03 of 2nd period - Slapshot by Robert Bortuzzo.
4:03 of 2nd period - Shot Blocked by Derek Roy.
4:05 of 2nd period - Backhand shot by Connor Carrick.
4:05 of 2nd period - Shot Blocked by Derek Roy.
4:21 of 2nd period - J.T. Miller is hit by Robert Bortuzzo and loses puck.
5:34 of 2nd period - Snap shot by Roman Horak.
5:34 of 2nd period - Stopped by Allen York with a rebound.
6:00 of 2nd period - Zach Redmond is hit by Alexander Khokhlachev and loses puck.
6:15 of 2nd period - Snap shot by Jed Ortmeyer.
6:15 of 2nd period - Stopped by Rob Madore without a rebound.
6:16 of 2nd period - Derek Roy wins face-off versus Patrick Kennedy in Ice Hogs zone.
6:21 of 2nd period - Ben Blood is hit by Blake Kessel and loses puck.
6:48 of 2nd period - Snap shot by Dustin Jeffrey.
6:48 of 2nd period - Stopped by Allen York without a rebound.
6:49 of 2nd period - Brandon Pirri wins face-off versus Toby Petersen in Tigers zone.
6:58 of 2nd period - Wrist shot by Brandon Bollig.
6:58 of 2nd period - Shot Misses the Net.
7:00 of 2nd period - Slapshot by Robert Bortuzzo.
7:00 of 2nd period - Stopped by Rob Madore with a rebound.
7:06 of 2nd period - Wrist shot by Toby Petersen.
7:06 of 2nd period - Deflect By Ty Rattie.
7:06 of 2nd period - Shot Blocked by Chay Genoway.
7:06 of 2nd period - Puck is out of play.
7:07 of 2nd period - Brandon Bollig wins face-off versus Brandon Pirri in Ice Hogs zone.
7:10 of 2nd period - Snap shot by Brandon Bollig.
7:10 of 2nd period - Shot Misses the Net.
7:12 of 2nd period - Slapshot by Ben Blood.
7:12 of 2nd period - Stopped by Rob Madore with a rebound.
7:14 of 2nd period - Slapshot by Robert Bortuzzo.
7:14 of 2nd period - Shot Blocked by Chay Genoway.
7:16 of 2nd period - Wrist shot by Toby Petersen.
7:16 of 2nd period - Deflect By Brandon Bollig.
7:16 of 2nd period - Shot Misses the Net.
7:16 of 2nd period - Puck is out of play.
7:17 of 2nd period - A.J. Gale wins face-off versus Derek Roy in Ice Hogs zone.
8:46 of 2nd period - Snap shot by Seth Griffith.
8:46 of 2nd period - Shot Misses the Net.
8:48 of 2nd period - Slapshot by Roman Horak.
8:48 of 2nd period - Shot Misses the Net.
8:58 of 2nd period - Slapshot by Harry Zolnierczyk.
8:58 of 2nd period - Shot Misses the Net.
9:06 of 2nd period - Wrist shot by Brandon Pirri.
9:06 of 2nd period - Shot Misses the Net.
9:08 of 2nd period - Slapshot by Brandon Gormley.
9:08 of 2nd period - Stopped by Allen York with a rebound.
9:14 of 2nd period - Wrist shot by J.T. Miller.
9:14 of 2nd period - Stopped by Allen York with a rebound.
9:18 of 2nd period - Wrist shot by J.T. Miller.
9:18 of 2nd period - Shot Misses the Net.
9:20 of 2nd period - Snap shot by Brandon Pirri.
9:20 of 2nd period - Goal by Brandon Pirri - Tigers : 1 - Ice Hogs : 3.
9:21 of 2nd period - A.J. Gale wins face-off versus Dan DaSilva in neutral zone.
9:23 of 2nd period - Minor Penalty to Will Weber for Hooking.
9:24 of 2nd period - Brandon Pirri wins face-off versus Alexander Khokhlachev in Tigers zone.
9:53 of 2nd period - Slapshot by Jason Garrison.
9:53 of 2nd period - Stopped by Allen York with a rebound.
9:55 of 2nd period - Wrist shot by J.T. Miller.
9:55 of 2nd period - Ice Hogs goal is going for a video replay.
9:55 of 2nd period - The goal is refused. The goal has been scored and an ineligible player is on the ice..
9:56 of 2nd period - Alexander Khokhlachev wins face-off versus Riley Sheahan in Tigers zone.
10:44 of 2nd period - Brandon Gormley is hit by Robert Bortuzzo.
10:54 of 2nd period - Snap shot by Brandon Pirri.
10:54 of 2nd period - Shot Misses the Net.
10:56 of 2nd period - Snap shot by Tanner Pearson.
10:56 of 2nd period - Stopped by Allen York with a rebound.
10:58 of 2nd period - Slapshot by Jason Garrison.
10:58 of 2nd period - Shot Misses the Net.
11:02 of 2nd period - Slapshot by Brandon Pirri.
11:02 of 2nd period - Deflect By Robert Bortuzzo.
11:02 of 2nd period - Shot Misses the Net.
11:02 of 2nd period - Puck is out of play.
11:03 of 2nd period - Travis Morin wins face-off versus Alexander Khokhlachev in Tigers zone.
11:23 of 2nd period - Penalty to Will Weber is over, Will Weber is back on ice.
11:50 of 2nd period - Travis Morin is hit by Nolan Yonkman and loses puck.
12:26 of 2nd period - Brandon Pirri is hit by Brandon Bollig and loses puck.
12:40 of 2nd period - Off-side.
12:41 of 2nd period - Riley Sheahan wins face-off versus A.J. Gale in neutral zone.
12:44 of 2nd period - A.J. Gale is hit by Seth Griffith.
12:48 of 2nd period - Slapshot by Connor Carrick.
12:48 of 2nd period - Deflect By Riley Sheahan.
12:48 of 2nd period - Stopped by Rob Madore without a rebound.
12:49 of 2nd period - A.J. Gale wins face-off versus Riley Sheahan in Ice Hogs zone.
13:36 of 2nd period - Minor Penalty to Brandon Gormley for Tripping.
13:37 of 2nd period - Roman Horak wins face-off versus Alexander Khokhlachev in Ice Hogs zone.
13:54 of 2nd period - Snap shot by Harry Zolnierczyk.
13:54 of 2nd period - Stopped by Rob Madore without a rebound.
13:55 of 2nd period - Alexander Khokhlachev wins face-off versus Roman Horak in Ice Hogs zone.
14:16 of 2nd period - Wrist shot by Jed Ortmeyer.
14:16 of 2nd period - Stopped by Rob Madore with a rebound.
14:22 of 2nd period - Snap shot by Harry Zolnierczyk.
14:22 of 2nd period - Stopped by Rob Madore with a rebound.
14:54 of 2nd period - Seth Griffith is hit by Brandon Bollig and loses puck.
15:21 of 2nd period - Jason Garrison is hit by Alexander Khokhlachev and loses puck.
15:36 of 2nd period - Penalty to Brandon Gormley is over, Brandon Gormley is back on ice.
15:43 of 2nd period - Wrist shot by J.T. Miller.
15:43 of 2nd period - Shot Misses the Net.
15:45 of 2nd period - Slapshot by Zach Redmond.
15:45 of 2nd period - Stopped by Allen York with a rebound.
16:55 of 2nd period - Casey Wellman is hit by Will Weber and loses puck.
17:12 of 2nd period - Patrick Kennedy is hit by Michael Bournival and loses puck.
17:19 of 2nd period - Travis Morin is hit by Anthony Peluso and loses puck.
17:26 of 2nd period - Connor Carrick is hit by Dan DaSilva and loses puck.
17:49 of 2nd period - Snap shot by Riley Sheahan.
17:49 of 2nd period - Shot Blocked by Robert Bortuzzo.
18:05 of 2nd period - Snap shot by Roman Horak.
18:05 of 2nd period - Deflect By Riley Sheahan.
18:05 of 2nd period - Deflect By Jed Ortmeyer.
18:05 of 2nd period - Stopped by Allen York without a rebound.
18:06 of 2nd period - A.J. Gale wins face-off versus Brandon Pirri in Tigers zone.
18:11 of 2nd period - Tanner Pearson is hit by A.J. Gale and loses puck.
18:18 of 2nd period - Backhand shot by Brandon Gormley.
18:18 of 2nd period - Shot Misses the Net.
18:59 of 2nd period - Wrist shot by Travis Morin.
18:59 of 2nd period - Stopped by Allen York without a rebound.
19:00 of 2nd period - Toby Petersen wins face-off versus Travis Morin in Tigers zone.
19:41 of 2nd period - Slapshot by Harry Zolnierczyk.
19:41 of 2nd period - Stopped by Rob Madore with a rebound.
Goals for this period are 0 for Tigers vs 2 for Ice Hogs.
Shots for this period are 9 for Tigers vs 13 for Ice Hogs.

3rd period


0:01 of 3rd period - Brandon Pirri wins face-off versus Alexander Khokhlachev in neutral zone.
0:04 of 3rd period - Connor Carrick is hit by Brandon Pirri.
0:09 of 3rd period - Blake Kessel and Robert Bortuzzo fight to a draw.
0:09 of 3rd period - Penalty to Blake Kessel for Fighting.
0:09 of 3rd period - Penalty to Robert Bortuzzo for Fighting.
0:10 of 3rd period - Alexander Khokhlachev wins face-off versus Brandon Pirri in Tigers zone.
1:01 of 3rd period - Riley Sheahan is hit by Brandon Bollig and loses puck.
1:24 of 3rd period - Snap shot by Roman Horak.
1:24 of 3rd period - Stopped by Allen York with a rebound.
1:26 of 3rd period - Snap shot by Jason Garrison.
1:26 of 3rd period - Shot Blocked by Ty Rattie.
1:28 of 3rd period - Backhand shot by Roman Horak.
1:28 of 3rd period - Deflect By Riley Sheahan.
1:28 of 3rd period - Stopped by Allen York with a rebound.
1:59 of 3rd period - Slapshot by Brandon Gormley.
1:59 of 3rd period - Shot Misses the Net.
2:07 of 3rd period - Wrist shot by Casey Wellman.
2:07 of 3rd period - Stopped by Allen York with a rebound.
2:09 of 3rd period - Slapshot by Dustin Jeffrey.
2:09 of 3rd period - Shot Misses the Net.
2:40 of 3rd period - Wrist shot by Dan DaSilva.
2:40 of 3rd period - Stopped by Allen York with a rebound.
2:42 of 3rd period - Slapshot by Brandon Gormley.
2:42 of 3rd period - Stopped by Allen York with a rebound.
2:44 of 3rd period - Slapshot by Brandon Gormley.
2:44 of 3rd period - Stopped by Allen York without a rebound.
2:45 of 3rd period - Brandon Pirri wins face-off versus Alexander Khokhlachev in Tigers zone.
2:52 of 3rd period - Wrist shot by Brandon Pirri.
2:52 of 3rd period - Stopped by Allen York with a rebound.
2:56 of 3rd period - Snap shot by J.T. Miller.
2:56 of 3rd period - Shot Misses the Net.
2:58 of 3rd period - Snap shot by J.T. Miller.
2:58 of 3rd period - Shot Blocked by Nolan Yonkman.
3:00 of 3rd period - Snap shot by J.T. Miller.
3:00 of 3rd period - Deflect By Alexander Khokhlachev.
3:00 of 3rd period - Stopped by Allen York without a rebound.
3:01 of 3rd period - Alexander Khokhlachev wins face-off versus Brandon Pirri in Tigers zone.
3:01 of 3rd period - Alexander Khokhlachev is hit by J.T. Miller.
3:18 of 3rd period - Snap shot by Alexander Khokhlachev.
3:18 of 3rd period - Shot Misses the Net.
3:20 of 3rd period - Slapshot by Jed Ortmeyer.
3:20 of 3rd period - Shot Blocked by Jason Garrison.
3:22 of 3rd period - Slapshot by Jed Ortmeyer.
3:22 of 3rd period - Deflect By Jason Garrison.
3:22 of 3rd period - Shot Misses the Net.
3:22 of 3rd period - Puck is out of play.
3:23 of 3rd period - Geoff Walker wins face-off versus Riley Sheahan in Ice Hogs zone.
3:24 of 3rd period - Wrist shot by Brandon DeFazio.
3:24 of 3rd period - Stopped by Rob Madore with a rebound.
3:42 of 3rd period - Slapshot by Riley Sheahan.
3:42 of 3rd period - Stopped by Allen York with a rebound.
4:36 of 3rd period - Snap shot by Harry Zolnierczyk.
4:36 of 3rd period - Stopped by Rob Madore with a rebound.
5:10 of 3rd period - Minor Penalty to Anthony Peluso for Interference.
5:11 of 3rd period - Alexander Khokhlachev wins face-off versus Travis Morin in Tigers zone.
5:38 of 3rd period - Travis Morin is hit by Alexander Khokhlachev and loses puck.
6:02 of 3rd period - Wrist shot by Brandon Pirri.
6:02 of 3rd period - Shot Misses the Net.
6:24 of 3rd period - Robert Bortuzzo is hit by J.T. Miller and loses puck.
7:10 of 3rd period - Penalty to Anthony Peluso is over, Anthony Peluso is back on ice.
8:30 of 3rd period - Snap shot by Harry Zolnierczyk.
8:30 of 3rd period - Goal by Harry Zolnierczyk - Tigers : 2 - Ice Hogs : 3.
8:31 of 3rd period - Riley Sheahan wins face-off versus Anthony Peluso in neutral zone.
9:24 of 3rd period - Tanner Pearson is hit by Nolan Yonkman and loses puck.
9:35 of 3rd period - J.T. Miller is hit by Will Weber and loses puck.
9:44 of 3rd period - Slapshot by Robert Bortuzzo.
9:44 of 3rd period - Shot Misses the Net.
10:44 of 3rd period - Nolan Yonkman is hit by Chay Genoway.
10:50 of 3rd period - Wrist shot by Harry Zolnierczyk.
10:50 of 3rd period - Stopped by Rob Madore with a rebound.
11:01 of 3rd period - Robert Bortuzzo is hit by Michael Bournival and loses puck.
11:27 of 3rd period - Blake Kessel is hit by Anthony Peluso and loses puck.
11:48 of 3rd period - Blake Kessel is hit by Ben Blood and loses puck.
11:55 of 3rd period - Ben Blood is hit by Riley Sheahan and loses puck.
12:36 of 3rd period - Wrist shot by Brandon Pirri.
12:36 of 3rd period - Shot Misses the Net.
13:05 of 3rd period - Icing by Jason Garrison.
13:06 of 3rd period - Alexander Khokhlachev wins face-off versus Casey Wellman in Ice Hogs zone.
13:11 of 3rd period - Snap shot by Harry Zolnierczyk.
13:11 of 3rd period - Stopped by Rob Madore without a rebound.
13:12 of 3rd period - Alexander Khokhlachev wins face-off versus Derek Roy in Ice Hogs zone.
13:50 of 3rd period - Jason Garrison is hit by A.J. Gale and loses puck.
13:57 of 3rd period - Connor Carrick is hit by Seth Griffith and loses puck.
14:39 of 3rd period - Zach Redmond is hit by Patrick Kennedy and loses puck.
16:06 of 3rd period - Robert Bortuzzo is hit by Casey Wellman and loses puck.
16:55 of 3rd period - Snap shot by Alexander Khokhlachev.
16:55 of 3rd period - Shot Misses the Net.
17:05 of 3rd period - Wrist shot by Alexander Khokhlachev.
17:05 of 3rd period - Stopped by Rob Madore with a rebound.
17:15 of 3rd period - Wrist shot by A.J. Gale.
17:15 of 3rd period - Shot Blocked by Jason Garrison.
17:17 of 3rd period - Slapshot by Ben Blood.
17:17 of 3rd period - Shot Blocked by Jason Garrison.
17:19 of 3rd period - Slapshot by Robert Bortuzzo.
17:19 of 3rd period - Stopped by Rob Madore with a rebound.
17:57 of 3rd period - Wrist shot by J.T. Miller.
17:57 of 3rd period - Stopped by Allen York without a rebound.
17:58 of 3rd period - Toby Petersen wins face-off versus Brandon Pirri in Tigers zone.
18:50 of 3rd period - Minor Penalty to Dan DaSilva for Interference.
18:51 of 3rd period - Travis Morin wins face-off versus Toby Petersen in Ice Hogs zone.
19:01 of 3rd period - Tigers, Allen York is pulled from the net.
19:22 of 3rd period - Nolan Yonkman is hit by Seth Griffith.
19:46 of 3rd period - Slapshot by Jed Ortmeyer.
19:46 of 3rd period - Shot Blocked by Blake Kessel.
19:48 of 3rd period - Slapshot by Alexander Khokhlachev.
19:48 of 3rd period - Stopped by Rob Madore without a rebound.
19:49 of 3rd period - Doug Jarvis call a timeout for Tigers.
19:49 of 3rd period - Roman Horak wins face-off versus Alexander Khokhlachev in Ice Hogs zone.
Goals for this period are 1 for Tigers vs 0 for Ice Hogs.
Shots for this period are 8 for Tigers vs 10 for Ice Hogs.


Output by the SimonT Hockey Simulator (STHS) for Eric Dolegowski -- Original Page W3C XHTML 1.0 Valid
Hockey Simulator - Hockey Simulation - Hockey Manager